 Dungeon Crawl Stone Soup version 0.27-a0-489-g24c7b1a3ef (webtiles) character file.

Game seed: 2834321282254296754

77 jasper the Slasher (level 4, 27/27 HPs)
             Began as a Deep Elf Berserker on Mar 1, 2021.
             Was a Believer of Trog.
             Quit the game on level 3 of the Dungeon.
             The game lasted 00:03:26 (2781 turns).

jasper the Slasher (Deep Elf Berserker)             Turns: 2781, Time: 00:03:27

Health: 27/27      AC:  6    Str: 14    XL:     4   Next: 13%
Magic:  6/6        EV: 10    Int: 12    God:    Trog [**....]
Gold:   78         SH:  0    Dex: 15    Spells: 3/3 levels left

rFire    . . .     SeeInvis .   a - +0 falchion
rCold    . . .     Faith    .   (no shield)
rNeg     . . .     Spirit   .   n - +0 scale mail
rPois    .         Reflect  .   (no helmet)
rElec    .         Harm     .   (no cloak)
rCorr    .         Rampage  .   (no gloves)
Will     .....                  (no boots)
Stlth    ..........             (no amulet)
HPRegen  0.09/turn              (no ring)
MPRegen  0.10/turn              (no ring)

@: no status effects
A: no striking features
a: Renounce Religion, Berserk, Trog's Hand


You were on level 3 of the Dungeon.
You worshipped Trog.
Trog was pleased with you.
You visited 1 branch of the dungeon, and saw 3 of its levels.

You collected 78 gold pieces.

Inventory:

Hand Weapons
 a - a +0 falchion (weapon)
 u - a +0 quarterstaff
Missiles
 h - 31 stones (quivered)
 j - 45 bolts
Armour
 b - a +0 animal skin
 n - a +0 scale mail (worn)
Scrolls
 c - a scroll of enchant armour {unknown}
 i - a scroll of amnesia {unknown}
 k - 5 scrolls of identify {unknown}
 o - a scroll of teleportation {unknown}
 p - a scroll of enchant weapon {unknown}
 r - a scroll of noise {unknown}
 t - a scroll of blinking {unknown}
Potions
 d - a potion of invisibility {unknown}
 e - a potion of experience {unknown}
 f - 2 potions of brilliance {unknown}
 g - a potion of heal wounds {unknown}
 l - 3 potions of lignification {unknown}
 m - 2 potions of curing {unknown}
 q - a potion of might {unknown}
 s - a potion of resistance {unknown}


   Skills:
 - Level 2.4 Fighting
 + Level 4.5 Long Blades
 - Level 1.5 Armour
 - Level 2.4 Dodging


You had 3 spell levels left.
You didn't know any spells.
Your spell library was empty.

Dungeon Overview and Level Annotations

Branches:
Dungeon (3/15)

Altars:


Message History

The stone barely misses the leopard gecko.
Throw: 33 stones
Press: ? - help, Q - select action, (/) - cycle Shift-Dir - straight line, f/p - leopard gecko
Aim: a leopard gecko (44% to hit)
You throw a stone.
The stone closely misses the leopard gecko.
Throw: 32 stones
Press: ? - help, Q - select action, (/) - cycle Shift-Dir - straight line, f/p - leopard gecko
Aim: a leopard gecko (44% to hit)
You throw a stone. The stone misses the leopard gecko.
The leopard gecko bites you but does no damage.
You hit the leopard gecko.
The leopard gecko is moderately wounded.
The leopard gecko closely misses you.
You hit the leopard gecko but do no damage.
The leopard gecko is moderately wounded.
The leopard gecko completely misses you.
You hit the leopard gecko.
The leopard gecko is severely wounded.
The leopard gecko bites you.
You take 2 damage, and have 25/27 hp.
You miss the leopard gecko.
The leopard gecko is severely wounded.
The leopard gecko bites you.
The leopard gecko bites you but does no damage.
You take 1 damage, and have 24/27 hp.
You hit the leopard gecko.
You kill the leopard gecko!
Trog accepts your kill.
No target in view!
HP restored.
There is an open door here.
You see here a leopard gecko corpse.
t - a scroll labelled UROHI QAQY Health restored: 27 You see here a +0 quarterstaff.
u - a +0 quarterstaff Are you sure you want to abandon this character and quit the game? (Confirm with "yes".)
Okay, then.
Are you sure you want to abandon this character and quit the game? (Confirm with "yes".)

#.#####.#.#######.## #.#
###.#. #.#.# #.# #.# #<..#.
#.#<# #.# #.# #.###. #.#.#
##†## #.###.###. #.#####.#.#
##...## #......†.. #.........#
##.....## #####.####
###.##.### ##.......##
##..####
#.#...####.........####......#
#........+...@.!.(.+..........
#.#...####((...$...####...##.#
#.##.## ##.......## ##..##.#
#..### ##.....## #...#.# ##.#
##...## #...#.# #.# #####+##
#.....# #.# #......# ###.###
#.#######.###..###### #.#
#...................# #.#


There were no monsters in sight!

Vanquished Creatures
  2 adders (D:2)
  2 oozes
  2 worms
  A dart slug (D:1)
  2 leopard geckos
  2 giant cockroaches
  4 goblins
  5 hobgoblins
  4 jackals (D:1)
  2 ball pythons (D:2)
  2 bats
  3 frilled lizards
  5 kobolds
  4 rats
40 creatures vanquished.

Notes
Turn   | Place    | Note
-------+----------+-------------------------------------------
     0 | D:1      | jasper the Deep Elf Berserker began the quest for the Orb.
     0 | D:1      | Reached XP level 1. HP: 13/13 MP: 3/3
   108 | D:1      | Reached skill level 3 in Long Blades
   116 | D:1      | Reached XP level 2. HP: 16/18 MP: 4/4
   806 | D:1      | You fall into a shaft and drop 1 floor!
  1244 | D:2      | Reached skill level 4 in Long Blades
  1244 | D:2      | Reached XP level 3. HP: 22/22 MP: 5/5
  1529 | D:2      | Reached ** piety under Trog
  2449 | D:2      | Reached XP level 4. HP: 27/27 MP: 6/6
  2781 | D:3      | Quit the game

Illustrated notes

Levels and vault maps discovered:
D:1:      eino_arrival_water_cross, layout_loops_ring, minmay_misc_feat_hallway
D:2:      layout_loops_ring, minmay_pentomino_u2
D:3:      layout_loops_corners, gup_sewer_entry_bowl

Skill      XL: |  1  2 |
---------------+-------+-----
Long Blades    | 3 4 |  4.5
Fighting       | |  2.4
Armour         | |  1.5
Dodging        | |  2.4

Action                   |  1- 3 |  4- 6 || total
-------------------------+-------+-------++-------
Melee: Falchion          |   114 |    14 ||   128
Throw: Stone             |    20 |    10 ||    30
Invok: Berserk           |     5 |     1 ||     6
Armor: Animal skin       |     6 |       ||     6
       Scale mail        |    22 |     2 ||    24
Dodge: Dodged            |    71 |     6 ||    77
       Rpst.: Falchion   |    17 |     1 ||    18

Table legend: (Time is in decaauts)
 A = Elapsed time spent in this place.
 B = Non-inter-level travel time spent in this place.
 C = Inter-level travel time spent in this place.
 D = Time resting spent in this place.
 E = Time spent auto-exploring this place.
 F = Levels seen in this place.
 G = Mean time per level.
                   A        B        C        D        E       F      G
               +--------+--------+--------+--------+--------+-----+--------+
         Total |   2855 |   2796 |     59 |    912 |   1557 |   3 |  951.7 |
       Dungeon |   2855 |   2796 |     59 |    912 |   1557 |   3 |  951.7 |
               +--------+--------+--------+--------+--------+-----+--------+

Top non-repeatable levels by time:
     D:2: 1402 daAuts
     D:1: 1208 daAuts
     D:3: 244 daAuts
